Workbook

Sheet Procurement
A1: PROCUREMENT
A2: Orders and subcontracts. A claim received names its order ID in the Claims sheet. Type or paste into the white columns; the shaded ones are formulas. Example rows are made up.
A4: Order ID | B4: Type | C4: Supplier or subcontractor | D4: Description | E4: Date placed | F4: Committed value | G4: Retention % | H4: Forecast final (yours) | I4: Claimed (from Claims) | J4: Paid (from Claims) | K4: Retention held (from Retention) | L4: Committed, not yet claimed | M4: Forecast less committed
A5: PO-001 | B5: Subcontract | C5: Sample Sparks | D5: Electrical rough-in and fit-off | E5: 46254 | F5: 48000 | G5: 5 | H5: 49500 | I5: =IF(A5="","",SUMIFS('Claims'!$J:$J,'Claims'!$Q:$Q,A5)) | J5: =IF(A5="","",SUMIFS('Claims'!$S:$S,'Claims'!$Q:$Q,A5)) | K5: =IF(A5="","",SUMIFS('Retention'!$F:$F,'Retention'!$C:$C,A5)-SUMIFS('Retention'!$G:$G,'Retention'!$C:$C,A5)) | L5: =IF(A5="","",F5-I5) | M5: =IF(OR(A5="",H5=""),"",H5-F5)
A6: PO-002 | B6: Subcontract | C6: Sample Framing Co | D6: Framing labour | E6: 46259 | F6: 62000 | G6: 5 | I6: =IF(A6="","",SUMIFS('Claims'!$J:$J,'Claims'!$Q:$Q,A6)) | J6: =IF(A6="","",SUMIFS('Claims'!$S:$S,'Claims'!$Q:$Q,A6)) | K6: =IF(A6="","",SUMIFS('Retention'!$F:$F,'Retention'!$C:$C,A6)-SUMIFS('Retention'!$G:$G,'Retention'!$C:$C,A6)) | L6: =IF(A6="","",F6-I6) | M6: =IF(OR(A6="",H6=""),"",H6-F6)
A7: PO-003 | B7: Order | C7: Sample Timber Supplies | D7: Framing timber | E7: 46275 | F7: 28400 | H7: 28400 | I7: =IF(A7="","",SUMIFS('Claims'!$J:$J,'Claims'!$Q:$Q,A7)) | J7: =IF(A7="","",SUMIFS('Claims'!$S:$S,'Claims'!$Q:$Q,A7)) | K7: =IF(A7="","",SUMIFS('Retention'!$F:$F,'Retention'!$C:$C,A7)-SUMIFS('Retention'!$G:$G,'Retention'!$C:$C,A7)) | L7: =IF(A7="","",F7-I7) | M7: =IF(OR(A7="",H7=""),"",H7-F7)
I8: =IF(A8="","",SUMIFS('Claims'!$J:$J,'Claims'!$Q:$Q,A8)) | J8: =IF(A8="","",SUMIFS('Claims'!$S:$S,'Claims'!$Q:$Q,A8)) | K8: =IF(A8="","",SUMIFS('Retention'!$F:$F,'Retention'!$C:$C,A8)-SUMIFS('Retention'!$G:$G,'Retention'!$C:$C,A8)) | L8: =IF(A8="","",F8-I8) | M8: =IF(OR(A8="",H8=""),"",H8-F8)
I9: =IF(A9="","",SUMIFS('Claims'!$J:$J,'Claims'!$Q:$Q,A9)) | J9: =IF(A9="","",SUMIFS('Claims'!$S:$S,'Claims'!$Q:$Q,A9)) | K9: =IF(A9="","",SUMIFS('Retention'!$F:$F,'Retention'!$C:$C,A9)-SUMIFS('Retention'!$G:$G,'Retention'!$C:$C,A9)) | L9: =IF(A9="","",F9-I9) | M9: =IF(OR(A9="",H9=""),"",H9-F9)
I10: =IF(A10="","",SUMIFS('Claims'!$J:$J,'Claims'!$Q:$Q,A10)) | J10: =IF(A10="","",SUMIFS('Claims'!$S:$S,'Claims'!$Q:$Q,A10)) | K10: =IF(A10="","",SUMIFS('Retention'!$F:$F,'Retention'!$C:$C,A10)-SUMIFS('Retention'!$G:$G,'Retention'!$C:$C,A10)) | L10: =IF(A10="","",F10-I10) | M10: =IF(OR(A10="",H10=""),"",H10-F10)
I11: =IF(A11="","",SUMIFS('Claims'!$J:$J,'Claims'!$Q:$Q,A11)) | J11: =IF(A11="","",SUMIFS('Claims'!$S:$S,'Claims'!$Q:$Q,A11)) | K11: =IF(A11="","",SUMIFS('Retention'!$F:$F,'Retention'!$C:$C,A11)-SUMIFS('Retention'!$G:$G,'Retention'!$C:$C,A11)) | L11: =IF(A11="","",F11-I11) | M11: =IF(OR(A11="",H11=""),"",H11-F11)
I12: =IF(A12="","",SUMIFS('Claims'!$J:$J,'Claims'!$Q:$Q,A12)) | J12: =IF(A12="","",SUMIFS('Claims'!$S:$S,'Claims'!$Q:$Q,A12)) | K12: =IF(A12="","",SUMIFS('Retention'!$F:$F,'Retention'!$C:$C,A12)-SUMIFS('Retention'!$G:$G,'Retention'!$C:$C,A12)) | L12: =IF(A12="","",F12-I12) | M12: =IF(OR(A12="",H12=""),"",H12-F12)
I13: =IF(A13="","",SUMIFS('Claims'!$J:$J,'Claims'!$Q:$Q,A13)) | J13: =IF(A13="","",SUMIFS('Claims'!$S:$S,'Claims'!$Q:$Q,A13)) | K13: =IF(A13="","",SUMIFS('Retention'!$F:$F,'Retention'!$C:$C,A13)-SUMIFS('Retention'!$G:$G,'Retention'!$C:$C,A13)) | L13: =IF(A13="","",F13-I13) | M13: =IF(OR(A13="",H13=""),"",H13-F13)
I14: =IF(A14="","",SUMIFS('Claims'!$J:$J,'Claims'!$Q:$Q,A14)) | J14: =IF(A14="","",SUMIFS('Claims'!$S:$S,'Claims'!$Q:$Q,A14)) | K14: =IF(A14="","",SUMIFS('Retention'!$F:$F,'Retention'!$C:$C,A14)-SUMIFS('Retention'!$G:$G,'Retention'!$C:$C,A14)) | L14: =IF(A14="","",F14-I14) | M14: =IF(OR(A14="",H14=""),"",H14-F14)
I15: =IF(A15="","",SUMIFS('Claims'!$J:$J,'Claims'!$Q:$Q,A15)) | J15: =IF(A15="","",SUMIFS('Claims'!$S:$S,'Claims'!$Q:$Q,A15)) | K15: =IF(A15="","",SUMIFS('Retention'!$F:$F,'Retention'!$C:$C,A15)-SUMIFS('Retention'!$G:$G,'Retention'!$C:$C,A15)) | L15: =IF(A15="","",F15-I15) | M15: =IF(OR(A15="",H15=""),"",H15-F15)
I16: =IF(A16="","",SUMIFS('Claims'!$J:$J,'Claims'!$Q:$Q,A16)) | J16: =IF(A16="","",SUMIFS('Claims'!$S:$S,'Claims'!$Q:$Q,A16)) | K16: =IF(A16="","",SUMIFS('Retention'!$F:$F,'Retention'!$C:$C,A16)-SUMIFS('Retention'!$G:$G,'Retention'!$C:$C,A16)) | L16: =IF(A16="","",F16-I16) | M16: =IF(OR(A16="",H16=""),"",H16-F16)
I17: =IF(A17="","",SUMIFS('Claims'!$J:$J,'Claims'!$Q:$Q,A17)) | J17: =IF(A17="","",SUMIFS('Claims'!$S:$S,'Claims'!$Q:$Q,A17)) | K17: =IF(A17="","",SUMIFS('Retention'!$F:$F,'Retention'!$C:$C,A17)-SUMIFS('Retention'!$G:$G,'Retention'!$C:$C,A17)) | L17: =IF(A17="","",F17-I17) | M17: =IF(OR(A17="",H17=""),"",H17-F17)
I18: =IF(A18="","",SUMIFS('Claims'!$J:$J,'Claims'!$Q:$Q,A18)) | J18: =IF(A18="","",SUMIFS('Claims'!$S:$S,'Claims'!$Q:$Q,A18)) | K18: =IF(A18="","",SUMIFS('Retention'!$F:$F,'Retention'!$C:$C,A18)-SUMIFS('Retention'!$G:$G,'Retention'!$C:$C,A18)) | L18: =IF(A18="","",F18-I18) | M18: =IF(OR(A18="",H18=""),"",H18-F18)
I19: =IF(A19="","",SUMIFS('Claims'!$J:$J,'Claims'!$Q:$Q,A19)) | J19: =IF(A19="","",SUMIFS('Claims'!$S:$S,'Claims'!$Q:$Q,A19)) | K19: =IF(A19="","",SUMIFS('Retention'!$F:$F,'Retention'!$C:$C,A19)-SUMIFS('Retention'!$G:$G,'Retention'!$C:$C,A19)) | L19: =IF(A19="","",F19-I19) | M19: =IF(OR(A19="",H19=""),"",H19-F19)
... I47: =IF(A47="","",SUMIFS('Claims'!$J:$J,'Claims'!$Q:$Q,A47)) | J47: =IF(A47="","",SUMIFS('Claims'!$S:$S,'Claims'!$Q:$Q,A47)) | K47: =IF(A47="","",SUMIFS('Retention'!$F:$F,'Retention'!$C:$C,A47)-SUMIFS('Retention'!$G:$G,'Retention'!$C:$C,A47)) | L47: =IF(A47="","",F47-I47) | M47: =IF(OR(A47="",H47=""),"",H47-F47)
A49: Free template from Black Creek Solutions (blackcreek.co.nz). Information, not legal advice. Check it against your contract before you use it.

Sheet Claims
A1: CLAIMS
A2: The claims register's columns (sent and received), then the order ID. Rows paste from any tool's register CSV. Type or paste into the white columns; the shaded ones are formulas. Example rows are made up.
A4: Claim no | B4: Direction | C4: Contract | D4: Claimant | E4: Payer | F4: Period end | G4: Date served | H4: Schedule due | I4: Payment due | J4: Claimed (ex GST) | K4: Scheduled (ex GST) | L4: Paid (ex GST) | M4: Date paid | N4: Retention held this claim | O4: Retention released | P4: Notes | Q4: Order ID | R4: Scheduled (used) | S4: Paid (used) | T4: Variance (claimed less scheduled) | U4: Unpaid (after retention held) | V4: Status
A5: PC-01 | B5: Sent | C5: 12 Example Street townhouses (made-up sample) | D5: Sample Builders | E5: Sample Developments | F5: 46295 | G5: 46296 | H5: 46325 | I5: 46325 | J5: 77700 | K5: 77700 | L5: 73815 | M5: 46324 | N5: 3885 | O5: 0 | R5: =IF(A5="","",IF(K5<>"",K5,"")) | S5: =IF(A5="","",N(L5)) | T5: =IF(OR(J5="",R5=""),"",J5-R5) | U5: =IF(A5="","",IF(R5="",J5,R5)-N(S5)-N(N5)) | V5: =IF(A5="","",IF(AND(N(S5)>0,N(S5)+N(N5)>=IF(R5="",J5,R5)-0.005),"Paid",IF(AND(R5="",H5<>"",TODAY()>H5),"Schedule date passed: none recorded",IF(AND(I5<>"",TODAY()>I5),"Payment date passed: not paid in full",IF(R5<>"","Scheduled","Open")))))
A6: PC-02 | B6: Sent | C6: 12 Example Street townhouses (made-up sample) | D6: Sample Builders | E6: Sample Developments | F6: 46326 | G6: 46328 | H6: 46356 | I6: 46356 | J6: 68020 | R6: =IF(A6="","",IF(K6<>"",K6,"")) | S6: =IF(A6="","",N(L6)) | T6: =IF(OR(J6="",R6=""),"",J6-R6) | U6: =IF(A6="","",IF(R6="",J6,R6)-N(S6)-N(N6)) | V6: =IF(A6="","",IF(AND(N(S6)>0,N(S6)+N(N6)>=IF(R6="",J6,R6)-0.005),"Paid",IF(AND(R6="",H6<>"",TODAY()>H6),"Schedule date passed: none recorded",IF(AND(I6<>"",TODAY()>I6),"Payment date passed: not paid in full",IF(R6<>"","Scheduled","Open")))))
A7: SC-05 | B7: Received | C7: 12 Example Street townhouses (made-up sample) | D7: Sample Sparks | E7: Sample Builders | F7: 46265 | G7: 46266 | H7: 46294 | I7: 46294 | J7: 6000 | Q7: PO-001 | R7: =IF(A7="","",IF(K7<>"",K7,"")) | S7: =IF(A7="","",N(L7)) | T7: =IF(OR(J7="",R7=""),"",J7-R7) | U7: =IF(A7="","",IF(R7="",J7,R7)-N(S7)-N(N7)) | V7: =IF(A7="","",IF(AND(N(S7)>0,N(S7)+N(N7)>=IF(R7="",J7,R7)-0.005),"Paid",IF(AND(R7="",H7<>"",TODAY()>H7),"Schedule date passed: none recorded",IF(AND(I7<>"",TODAY()>I7),"Payment date passed: not paid in full",IF(R7<>"","Scheduled","Open")))))
A8: SF-03 | B8: Received | C8: 12 Example Street townhouses (made-up sample) | D8: Sample Framing Co | E8: Sample Builders | F8: 46295 | G8: 46296 | H8: 46325 | I8: 46325 | J8: 24000 | K8: 22500 | L8: 21375 | M8: 46324 | N8: 1125 | O8: 0 | Q8: PO-002 | R8: =IF(A8="","",IF(K8<>"",K8,"")) | S8: =IF(A8="","",N(L8)) | T8: =IF(OR(J8="",R8=""),"",J8-R8) | U8: =IF(A8="","",IF(R8="",J8,R8)-N(S8)-N(N8)) | V8: =IF(A8="","",IF(AND(N(S8)>0,N(S8)+N(N8)>=IF(R8="",J8,R8)-0.005),"Paid",IF(AND(R8="",H8<>"",TODAY()>H8),"Schedule date passed: none recorded",IF(AND(I8<>"",TODAY()>I8),"Payment date passed: not paid in full",IF(R8<>"","Scheduled","Open")))))
A9: SC-07 | B9: Received | C9: 12 Example Street townhouses (made-up sample) | D9: Sample Sparks | E9: Sample Builders | F9: 46326 | G9: 46328 | H9: 46356 | I9: 46356 | J9: 9500 | Q9: PO-001 | R9: =IF(A9="","",IF(K9<>"",K9,"")) | S9: =IF(A9="","",N(L9)) | T9: =IF(OR(J9="",R9=""),"",J9-R9) | U9: =IF(A9="","",IF(R9="",J9,R9)-N(S9)-N(N9)) | V9: =IF(A9="","",IF(AND(N(S9)>0,N(S9)+N(N9)>=IF(R9="",J9,R9)-0.005),"Paid",IF(AND(R9="",H9<>"",TODAY()>H9),"Schedule date passed: none recorded",IF(AND(I9<>"",TODAY()>I9),"Payment date passed: not paid in full",IF(R9<>"","Scheduled","Open")))))
R10: =IF(A10="","",IF(K10<>"",K10,"")) | S10: =IF(A10="","",N(L10)) | T10: =IF(OR(J10="",R10=""),"",J10-R10) | U10: =IF(A10="","",IF(R10="",J10,R10)-N(S10)-N(N10)) | V10: =IF(A10="","",IF(AND(N(S10)>0,N(S10)+N(N10)>=IF(R10="",J10,R10)-0.005),"Paid",IF(AND(R10="",H10<>"",TODAY()>H10),"Schedule date passed: none recorded",IF(AND(I10<>"",TODAY()>I10),"Payment date passed: not paid in full",IF(R10<>"","Scheduled","Open")))))
R11: =IF(A11="","",IF(K11<>"",K11,"")) | S11: =IF(A11="","",N(L11)) | T11: =IF(OR(J11="",R11=""),"",J11-R11) | U11: =IF(A11="","",IF(R11="",J11,R11)-N(S11)-N(N11)) | V11: =IF(A11="","",IF(AND(N(S11)>0,N(S11)+N(N11)>=IF(R11="",J11,R11)-0.005),"Paid",IF(AND(R11="",H11<>"",TODAY()>H11),"Schedule date passed: none recorded",IF(AND(I11<>"",TODAY()>I11),"Payment date passed: not paid in full",IF(R11<>"","Scheduled","Open")))))
R12: =IF(A12="","",IF(K12<>"",K12,"")) | S12: =IF(A12="","",N(L12)) | T12: =IF(OR(J12="",R12=""),"",J12-R12) | U12: =IF(A12="","",IF(R12="",J12,R12)-N(S12)-N(N12)) | V12: =IF(A12="","",IF(AND(N(S12)>0,N(S12)+N(N12)>=IF(R12="",J12,R12)-0.005),"Paid",IF(AND(R12="",H12<>"",TODAY()>H12),"Schedule date passed: none recorded",IF(AND(I12<>"",TODAY()>I12),"Payment date passed: not paid in full",IF(R12<>"","Scheduled","Open")))))
R13: =IF(A13="","",IF(K13<>"",K13,"")) | S13: =IF(A13="","",N(L13)) | T13: =IF(OR(J13="",R13=""),"",J13-R13) | U13: =IF(A13="","",IF(R13="",J13,R13)-N(S13)-N(N13)) | V13: =IF(A13="","",IF(AND(N(S13)>0,N(S13)+N(N13)>=IF(R13="",J13,R13)-0.005),"Paid",IF(AND(R13="",H13<>"",TODAY()>H13),"Schedule date passed: none recorded",IF(AND(I13<>"",TODAY()>I13),"Payment date passed: not paid in full",IF(R13<>"","Scheduled","Open")))))
R14: =IF(A14="","",IF(K14<>"",K14,"")) | S14: =IF(A14="","",N(L14)) | T14: =IF(OR(J14="",R14=""),"",J14-R14) | U14: =IF(A14="","",IF(R14="",J14,R14)-N(S14)-N(N14)) | V14: =IF(A14="","",IF(AND(N(S14)>0,N(S14)+N(N14)>=IF(R14="",J14,R14)-0.005),"Paid",IF(AND(R14="",H14<>"",TODAY()>H14),"Schedule date passed: none recorded",IF(AND(I14<>"",TODAY()>I14),"Payment date passed: not paid in full",IF(R14<>"","Scheduled","Open")))))
R15: =IF(A15="","",IF(K15<>"",K15,"")) | S15: =IF(A15="","",N(L15)) | T15: =IF(OR(J15="",R15=""),"",J15-R15) | U15: =IF(A15="","",IF(R15="",J15,R15)-N(S15)-N(N15)) | V15: =IF(A15="","",IF(AND(N(S15)>0,N(S15)+N(N15)>=IF(R15="",J15,R15)-0.005),"Paid",IF(AND(R15="",H15<>"",TODAY()>H15),"Schedule date passed: none recorded",IF(AND(I15<>"",TODAY()>I15),"Payment date passed: not paid in full",IF(R15<>"","Scheduled","Open")))))
R16: =IF(A16="","",IF(K16<>"",K16,"")) | S16: =IF(A16="","",N(L16)) | T16: =IF(OR(J16="",R16=""),"",J16-R16) | U16: =IF(A16="","",IF(R16="",J16,R16)-N(S16)-N(N16)) | V16: =IF(A16="","",IF(AND(N(S16)>0,N(S16)+N(N16)>=IF(R16="",J16,R16)-0.005),"Paid",IF(AND(R16="",H16<>"",TODAY()>H16),"Schedule date passed: none recorded",IF(AND(I16<>"",TODAY()>I16),"Payment date passed: not paid in full",IF(R16<>"","Scheduled","Open")))))
R17: =IF(A17="","",IF(K17<>"",K17,"")) | S17: =IF(A17="","",N(L17)) | T17: =IF(OR(J17="",R17=""),"",J17-R17) | U17: =IF(A17="","",IF(R17="",J17,R17)-N(S17)-N(N17)) | V17: =IF(A17="","",IF(AND(N(S17)>0,N(S17)+N(N17)>=IF(R17="",J17,R17)-0.005),"Paid",IF(AND(R17="",H17<>"",TODAY()>H17),"Schedule date passed: none recorded",IF(AND(I17<>"",TODAY()>I17),"Payment date passed: not paid in full",IF(R17<>"","Scheduled","Open")))))
R18: =IF(A18="","",IF(K18<>"",K18,"")) | S18: =IF(A18="","",N(L18)) | T18: =IF(OR(J18="",R18=""),"",J18-R18) | U18: =IF(A18="","",IF(R18="",J18,R18)-N(S18)-N(N18)) | V18: =IF(A18="","",IF(AND(N(S18)>0,N(S18)+N(N18)>=IF(R18="",J18,R18)-0.005),"Paid",IF(AND(R18="",H18<>"",TODAY()>H18),"Schedule date passed: none recorded",IF(AND(I18<>"",TODAY()>I18),"Payment date passed: not paid in full",IF(R18<>"","Scheduled","Open")))))
R19: =IF(A19="","",IF(K19<>"",K19,"")) | S19: =IF(A19="","",N(L19)) | T19: =IF(OR(J19="",R19=""),"",J19-R19) | U19: =IF(A19="","",IF(R19="",J19,R19)-N(S19)-N(N19)) | V19: =IF(A19="","",IF(AND(N(S19)>0,N(S19)+N(N19)>=IF(R19="",J19,R19)-0.005),"Paid",IF(AND(R19="",H19<>"",TODAY()>H19),"Schedule date passed: none recorded",IF(AND(I19<>"",TODAY()>I19),"Payment date passed: not paid in full",IF(R19<>"","Scheduled","Open")))))
R20: =IF(A20="","",IF(K20<>"",K20,"")) | S20: =IF(A20="","",N(L20)) | T20: =IF(OR(J20="",R20=""),"",J20-R20) | U20: =IF(A20="","",IF(R20="",J20,R20)-N(S20)-N(N20)) | V20: =IF(A20="","",IF(AND(N(S20)>0,N(S20)+N(N20)>=IF(R20="",J20,R20)-0.005),"Paid",IF(AND(R20="",H20<>"",TODAY()>H20),"Schedule date passed: none recorded",IF(AND(I20<>"",TODAY()>I20),"Payment date passed: not paid in full",IF(R20<>"","Scheduled","Open")))))
R21: =IF(A21="","",IF(K21<>"",K21,"")) | S21: =IF(A21="","",N(L21)) | T21: =IF(OR(J21="",R21=""),"",J21-R21) | U21: =IF(A21="","",IF(R21="",J21,R21)-N(S21)-N(N21)) | V21: =IF(A21="","",IF(AND(N(S21)>0,N(S21)+N(N21)>=IF(R21="",J21,R21)-0.005),"Paid",IF(AND(R21="",H21<>"",TODAY()>H21),"Schedule date passed: none recorded",IF(AND(I21<>"",TODAY()>I21),"Payment date passed: not paid in full",IF(R21<>"","Scheduled","Open")))))
... R49: =IF(A49="","",IF(K49<>"",K49,"")) | S49: =IF(A49="","",N(L49)) | T49: =IF(OR(J49="",R49=""),"",J49-R49) | U49: =IF(A49="","",IF(R49="",J49,R49)-N(S49)-N(N49)) | V49: =IF(A49="","",IF(AND(N(S49)>0,N(S49)+N(N49)>=IF(R49="",J49,R49)-0.005),"Paid",IF(AND(R49="",H49<>"",TODAY()>H49),"Schedule date passed: none recorded",IF(AND(I49<>"",TODAY()>I49),"Payment date passed: not paid in full",IF(R49<>"","Scheduled","Open")))))
A51: Free template from Black Creek Solutions (blackcreek.co.nz). Information, not legal advice. Check it against your contract before you use it.

Sheet Retention
A1: RETENTION
A2: Retention held and released, by claim, order and party, with the date of each retention report. Type or paste into the white columns; the shaded ones are formulas. Example rows are made up.
A4: Retention ID | B4: Claim no | C4: Order ID | D4: Party | E4: Date | F4: Held this claim | G4: Released | H4: Report given | I4: Balance held for this party to date | J4: 3 months after the report (s18FD(1)(b))
A5: R-001 | B5: PC-01 | D5: Sample Builders | E5: 46324 | F5: 3885 | G5: 0 | H5: 46324 | I5: =IF(A5="","",SUMIFS($F$5:F5,$D$5:D5,D5)-SUMIFS($G$5:G5,$D$5:D5,D5)) | J5: =IF(H5="","",EDATE(H5,3))
A6: R-002 | B6: SF-03 | C6: PO-002 | D6: Sample Framing Co | E6: 46324 | F6: 1125 | G6: 0 | H6: 46218 | I6: =IF(A6="","",SUMIFS($F$5:F6,$D$5:D6,D6)-SUMIFS($G$5:G6,$D$5:D6,D6)) | J6: =IF(H6="","",EDATE(H6,3))
A7: R-003 | C7: PO-001 | D7: Sample Sparks | E7: 46263 | F7: 300 | G7: 0 | I7: =IF(A7="","",SUMIFS($F$5:F7,$D$5:D7,D7)-SUMIFS($G$5:G7,$D$5:D7,D7)) | J7: =IF(H7="","",EDATE(H7,3))
I8: =IF(A8="","",SUMIFS($F$5:F8,$D$5:D8,D8)-SUMIFS($G$5:G8,$D$5:D8,D8)) | J8: =IF(H8="","",EDATE(H8,3))
I9: =IF(A9="","",SUMIFS($F$5:F9,$D$5:D9,D9)-SUMIFS($G$5:G9,$D$5:D9,D9)) | J9: =IF(H9="","",EDATE(H9,3))
I10: =IF(A10="","",SUMIFS($F$5:F10,$D$5:D10,D10)-SUMIFS($G$5:G10,$D$5:D10,D10)) | J10: =IF(H10="","",EDATE(H10,3))
I11: =IF(A11="","",SUMIFS($F$5:F11,$D$5:D11,D11)-SUMIFS($G$5:G11,$D$5:D11,D11)) | J11: =IF(H11="","",EDATE(H11,3))
I12: =IF(A12="","",SUMIFS($F$5:F12,$D$5:D12,D12)-SUMIFS($G$5:G12,$D$5:D12,D12)) | J12: =IF(H12="","",EDATE(H12,3))
I13: =IF(A13="","",SUMIFS($F$5:F13,$D$5:D13,D13)-SUMIFS($G$5:G13,$D$5:D13,D13)) | J13: =IF(H13="","",EDATE(H13,3))
I14: =IF(A14="","",SUMIFS($F$5:F14,$D$5:D14,D14)-SUMIFS($G$5:G14,$D$5:D14,D14)) | J14: =IF(H14="","",EDATE(H14,3))
I15: =IF(A15="","",SUMIFS($F$5:F15,$D$5:D15,D15)-SUMIFS($G$5:G15,$D$5:D15,D15)) | J15: =IF(H15="","",EDATE(H15,3))
I16: =IF(A16="","",SUMIFS($F$5:F16,$D$5:D16,D16)-SUMIFS($G$5:G16,$D$5:D16,D16)) | J16: =IF(H16="","",EDATE(H16,3))
I17: =IF(A17="","",SUMIFS($F$5:F17,$D$5:D17,D17)-SUMIFS($G$5:G17,$D$5:D17,D17)) | J17: =IF(H17="","",EDATE(H17,3))
I18: =IF(A18="","",SUMIFS($F$5:F18,$D$5:D18,D18)-SUMIFS($G$5:G18,$D$5:D18,D18)) | J18: =IF(H18="","",EDATE(H18,3))
I19: =IF(A19="","",SUMIFS($F$5:F19,$D$5:D19,D19)-SUMIFS($G$5:G19,$D$5:D19,D19)) | J19: =IF(H19="","",EDATE(H19,3))
... I47: =IF(A47="","",SUMIFS($F$5:F47,$D$5:D47,D47)-SUMIFS($G$5:G47,$D$5:D47,D47)) | J47: =IF(H47="","",EDATE(H47,3))
A49: Free template from Black Creek Solutions (blackcreek.co.nz). Information, not legal advice. Check it against your contract before you use it.
